 Dungeon Crawl Stone Soup version 0.27.1-3-gb3d3a73c9e (webtiles) character file.

Game seed: 4469737460278603239

1287 pkoi the Blocker (level 8, -3/64 HPs)
             Began as a Minotaur Fighter on Oct 26, 2021.
             Was a Follower of Nemelex Xobeh.
             Killed from afar by an electric eel (8 damage)
             ... with a bolt of electricity
             ... on level 6 of the Dungeon.
             The game lasted 00:05:39 (5924 turns).

pkoi the Blocker (Minotaur Fighter)                 Turns: 5924, Time: 00:05:41

Health: -3/64      AC: 12    Str: 22    XL:     8   Next: 30%
Magic:  7/7        EV:  6    Int:  5    God:    Nemelex Xobeh [*.....]
Gold:   261        SH: 11    Dex: 11    Spells: 7/7 levels left

rFire    . . .     SeeInvis .   a - +1 long sword
rCold    + . .     Faith    +   c - +0 kite shield
rNeg     . . .     Spirit   .   r - +2 chain mail {rC+}
rPois    .         Reflect  .   (helmet restricted)
rElec    .         Harm     .   o - +0 cloak
rCorr    .         Rampage  .   (no gloves)
Will     .....                  (no boots)
Stlth    ..........             j - amulet of faith
HPRegen  0.20/turn              (no ring)
MPRegen  0.10/turn              (no ring)

@: no status effects
A: horns 2, retaliatory headbutt
a: Renounce Religion, Draw Escape, Draw Destruction, Draw Summoning


You were on level 6 of the Dungeon.
You worshipped Nemelex Xobeh.
Nemelex Xobeh was aware of your devotion.
You visited 2 branches of the dungeon, and saw 7 of its levels.

You collected 261 gold pieces.

Inventory:

Hand Weapons
 a - a +1 long sword (weapon)
 e - a +2 dagger of venom
Missiles
 t - 2 throwing nets (quivered)
Armour
 c - a +0 kite shield (worn)
 o - a +0 cloak (worn)
 r - a +2 chain mail of cold resistance (worn)
Jewellery
 j - an amulet of faith (around neck)
Wands
 g - a wand of flame (15)
 i - a wand of iceblast (7)
Scrolls
 b - a scroll of blinking
 h - 3 scrolls of teleportation
 l - a scroll of amnesia
Potions
 d - a potion of might
 f - 3 potions of flight {unknown}
 k - a potion of brilliance
 m - 5 potions of heal wounds {unknown}
 n - a potion of lignification
 p - a potion of berserk rage
 s - 2 potions of curing {unknown}


   Skills:
 - Level 3.6 Fighting
 + Level 8.9 Long Blades
 - Level 3.6 Armour
 + Level 9.3 Shields


You had 7 spell levels left.
You didn't know any spells.
Your spell library was empty.

Dungeon Overview and Level Annotations

Branches:
Dungeon (6/15)             Temple (1/1) D:4

Altars:
Cheibriados
Dithmenos
Elyvilon
Gozag
Kikubaaqudgha
Makhleb
Nemelex Xobeh
Okawaru
Ru
Sif Muna
Trog
Uskayaw
Xom
Yredelemnul
Zin
The Shining One


Innate Abilities, Weirdness & Mutations

You have a pair of horns on your head.
You reflexively headbutt those who attack you in melee.


Message History

You are too injured to fight recklessly!
You are too injured to fight recklessly!
You are too injured to fight recklessly!
You are too injured to fight recklessly!
You are too injured to fight recklessly!
You are too injured to fight recklessly!
You are too injured to fight recklessly!
You are too injured to fight recklessly!
You are too injured to fight recklessly!
You are too injured to fight recklessly!
You are too injured to fight recklessly!
You are too injured to fight recklessly!
You are too injured to fight recklessly!
You are too injured to fight recklessly!
You barely miss the jelly.
The jelly is lightly wounded.
You block the jelly's attack.
Your shield and chain mail prevent you from hitting the jelly.
You headbutt the jelly.
The jelly is heavily wounded.
The jelly hits you but does no damage.
You barely miss the jelly.
The jelly is heavily wounded.
The jelly hits you but does no damage.
An electric eel comes into view.
You slash the jelly!
You kill the jelly!
The electric eel shoots out a bolt of lightning at you!
The bolt of electricity hits you!
* * * LOW HITPOINT WARNING * * *
The electric eel shoots out a bolt of lightning at you!
The bolt of electricity hits you!
* * * LOW HITPOINT WARNING * * *
The electric eel shoots out a bolt of lightning at you!
The bolt of electricity hits you!
* * * LOW HITPOINT WARNING * * *
The electric eel shoots out a bolt of lightning at you!
The bolt of electricity hits you!
You die...
Your body glows slightly and disappears.

##########+# #........#
..........###........#
.##.##.##.............#
......................#
######'#######........#
#.# #..........
#####.##### #.#.#####...
#...'.'...# #...## ... .
#.###.###.# #..@.# ...
#.# #.# #.##.####.....
###.###'###.##..........
..........'.##...###....
###.###'###.##..#.. #
#.# #.# #.##..#.⌠.# #.#
#.# #.##..#...# ..#
#.##..;###;≈ ### #.##...
≈≈≈


You could see 2 electric eels.

Vanquished Creatures
  Sigmund (D:4)
  An ice beast (D:5)
  A black bear (D:5)
  A necrophage (D:4)
  An ogre (D:3)
  A phantom (D:6)
  A bullfrog (D:6)
  A scorpion (D:3)
  A water moccasin skeleton (D:4)
  A howler monkey (D:5)
  A bullfrog skeleton (D:4)
  A centaur zombie (D:5)
  A jelly (D:6)
  Crazy Yiuf (D:3)
  Jessica (D:3)
  4 iguanas
  A hound skeleton (D:4)
  Robin (D:4)
  4 gnolls (D:5)
  4 adders
  2 shadow imps (D:5)
  A white imp (D:3)
  2 ufetubi
  An adder zombie (D:3)
  2 adder skeletons (D:4)
  2 worms
  A dart slug (D:1)
  5 orcs
  9 endoplasms
  6 giant cockroaches
  10 hobgoblins
  4 jackals
  6 kobolds
  4 quokkas
  8 ball pythons
  A ball python zombie (D:3)
  4 bats
  2 frilled lizards (D:2)
  12 goblins
  18 rats
129 creatures vanquished.

Notes
Turn   | Place    | Note
-------+----------+-------------------------------------------
     0 | D:1      | pkoi the Minotaur Fighter began the quest for the Orb.
     0 | D:1      | Reached XP level 1. HP: 19/19 MP: 0/0
   103 | D:1      | Found a faded altar of an unknown god.
   339 | D:1      | Reached skill level 4 in Shields
   339 | D:1      | Reached XP level 2. HP: 26/26 MP: 1/1
  1063 | D:1      | Reached XP level 3. HP: 31/31 MP: 2/2
  2155 | D:2      | Reached XP level 4. HP: 27/39 MP: 3/3
  2550 | D:2      | Reached skill level 5 in Shields
  2985 | D:3      | Noticed an ogre
  2994 | D:3      | Killed an ogre
  2995 | D:3      | Reached skill level 5 in Long Blades
  2995 | D:3      | Reached XP level 5. HP: 18/45 MP: 4/4
  3217 | D:3      | Found a glowing golden altar of the Shining One.
  3279 | D:3      | Found a runed translucent door.
  3280 | D:3      | Noticed Crazy Yiuf
  3384 | D:3      | Noticed Jessica
  3391 | D:3      | Killed Jessica
  3392 | D:3      | Reached skill level 6 in Shields
  3401 | D:3      | Reached XP level 6. HP: 33/51 MP: 5/5
  3526 | D:3      | Found a sparkling altar of Nemelex Xobeh.
  3681 | D:3      | Found a sacrificial altar of Ru.
  3861 | D:3      | Killed Crazy Yiuf
  3995 | D:3      | Became a worshipper of Nemelex Xobeh the Trickster
  4415 | D:4      | Found a basalt altar of Yredelemnul.
  4462 | D:4      | Found a staircase to the Ecumenical Temple.
  4469 | Temple   | Entered the Ecumenical Temple
  4564 | D:4      | Noticed Robin
  4585 | D:4      | Killed Robin
  4810 | D:4      | Reached skill level 7 in Shields
  4876 | D:4      | Reached XP level 7. HP: 46/57 MP: 6/6
  5140 | D:4      | Noticed Sigmund
  5152 | D:4      | Killed Sigmund
  5222 | D:5      | Entered Level 5 of the Dungeon
  5229 | D:5      | Reached skill level 8 in Shields
  5342 | D:5      | Reached * piety under Nemelex Xobeh
  5561 | D:5      | Received a gift from Nemelex Xobeh
  5626 | D:5      | Reached XP level 8. HP: 64/64 MP: 7/7
  5803 | D:6      | Reached skill level 9 in Shields
  5924 | D:6      | Killed from afar by an electric eel

Illustrated notes

Levels and vault maps discovered:
D:1:      lemuel_arrival_tunnels, layout_basic,
          chequers_ecumenical_altar_simple_redux, nrook_uturn,
          minmay_rat_gold_closets
D:2:      layout_loops_ring
D:3:      layout_rooms, mainiacjoe_overflow_chevrons,
          mainiacjoe_overflow_concentric_impassable,
          nicolae_overflow_crystal_walls, serial_undead, serial_undead_b,
          serial_undead_a, serial_undead_d, serial_undead_b, minivault_23,
          minmay_ruptured, uniq_crazy_yiuf_cottage, uniq_jessica
D:4:      layout_rooms, mainiacjoe_overflow_paths, minmay_temple_entry_hall,
          minmay_joined_circles, uniq_sigmund, uniq_robin
D:5:      layout_rooms
D:6:      layout_basic, nicolae_hepliaklqana_hippocampus, kennysheep_little_box,
          fountainhead, minivault_22, kennysheep_minor_cross,
          grunt_ministairs_10, solitary_fountain, minmay_door_square,
          nicolae_wooded_promenade
Temple:   nicolae_temple_hex_pool

Skill      XL: |  1  2  3  4  5  6  7  8 |
---------------+-------------------------+-----
Shields        | 4 5 6 7 8 9 |  9.3
Long Blades    | 3 4 5 6 8 |  8.9
Fighting       | |  3.6
Armour         | |  3.6

Action                   |  1- 3 |  4- 6 |  7- 9 || total
-------------------------+-------+-------+-------++-------
Melee: Long sword        |   104 |       |    49 ||   153
       Headbutt          |    11 |    33 |    27 ||    71
       Dagger            |     4 |   152 |    48 ||   204
  Use: Scroll            |     6 |     4 |     3 ||    13
Armor: Scale mail        |    37 |    16 |       ||    53
       Chain mail        |       |    26 |    25 ||    51
       Plate armour      |       |     7 |       ||     7
Dodge: Dodged            |    25 |    20 |    11 ||    56
Block: Kite shield       |    67 |    64 |    51 ||   182
       Rpst.: Long sword |     5 |       |     1 ||     6
